Map: Blueshift LE

Players

Lambo - Winner!

  • Race: Zerg Zerg
  • League: Master
  • Spawn Location: 1:00

SoulSpirit

  • Race: Zerg Zerg
  • League: Master
  • Spawn Location: 7:00

VOD

Have the link to the VOD?

Description

Time

  • Played on: Dec. 8, 2018, 9:45 a.m.
  • Length: 11:25
Show
View Real Time Build Order
Export as new Build Order

Lambo Zerg - Winner!

Build Orders: Hatch First 

Get SALT Encoding   

  12  0:00  Drone  
  13  0:14  Overlord  
  13  0:19  Drone  
  14  0:32  Drone x2  
  16  0:50  Hatchery  
  16  0:52  Drone  
  16  0:56  Drone  
  17  0:59  Drone  
  18  1:10  Extractor  
  17  1:14  Spawning Pool  
  16  1:19  Drone  
  16  1:20  Drone  
  18  1:32  Drone  
  19  1:41  Drone  
  20  1:54  Drone  
  21  2:01  Queen  
  21  2:02  Drone, Queen  
  21  2:03  Overlord  
  26  2:11  Metabolic Boost  
  26  2:15  Drone x2  
  28  2:24  Zergling x4  
  30  2:37  Hatchery  
  29  2:38  Drone x2  
  31  2:45  Zergling x2  
  31  2:46  Overlord  
  32  2:58  Drone  
  32  3:03  Drone  
  34  3:06  Drone  
  34  3:07  Baneling Nest  
  34  3:12  Zergling x12  
  40  3:17  Overlord  
  40  3:22  Drone  
  40  3:23  Zergling x2  
  42  3:27  Queen  
  44  3:42  Drone x2  
  44  3:45  Drone x4  
  50  3:49  Drone  
  50  3:50  Drone  
  50  3:51  Baneling  
  50  3:53  Baneling  
  50  3:55  Drone x2  
  54  3:56  Overlord  
  54  3:57  Evolution Chamber  
  54  4:01  Overlord  
  53  4:10  Drone x3  
  53  4:13  Extractor  
  53  4:14  Extractor  
  53  4:15  Overlord  
  54  4:17  Drone x3  
  54  4:21  Drone x3  
  60  4:25  Overlord  
  60  4:28  Drone x2  
  62  4:34  Zerg Missile Weapons Level 1  
  61  4:41  Drone  
  61  4:42  Drone x2  
  61  4:43  Drone x2  
  61  4:44  Drone  
  61  4:45  Drone  
  68  4:48  Drone x2  
  68  4:50  Drone  
  67  4:55  Roach Warren  
  67  4:57  Drone x3  
  66  5:00  Zergling x4  
  66  5:04  Baneling x2  
  68  5:09  Pneumatized Carapace  
  68  5:11  Zergling x10  
  72  5:19  Baneling x2  
  72  5:21  Baneling x2  
  72  5:23  Zergling x12  
  74  5:30  Overlord  
  74  5:31  Drone x4  
  78  5:35  Drone  
  78  5:36  Drone x2  
  78  5:37  Lair  
  78  5:40  Extractor  
  80  5:44  Drone  
  80  5:47  Drone  
  80  5:48  Drone  
  83  5:52  Extractor  
  83  5:53  Extractor  
  83  5:54  Drone x5  
  85  6:02  Drone  
  85  6:10  Spine Crawler  
  82  6:21  Overlord  
  82  6:24  Overlord  
  82  6:25  Overlord  
  81  6:35  Roach x8, Hatchery  
  81  6:36  Overlord  
  81  6:37  Overlord  
  81  6:38  Overlord  
  96  6:40  Glial Reconstitution, Zerg Missile Weapons Level 2  
  96  6:43  Evolution Chamber  
  96  6:45  Overlord  
  95  6:48  Roach x5  
  95  6:49  Overseer  
  105  6:54  Overlord  
  105  6:59  Overlord  
  105  7:00  Overlord  
  105  7:02  Roach x4  
  105  7:05  Drone  
  105  7:06  Overlord  
  105  7:07  Roach x2  
  118  7:09  Zerg Ground Armor Level 1  
  118  7:11  Ravager x4  
  118  7:14  Baneling x4  
  122  7:16  Roach x2  
  128  7:22  Roach  
  128  7:23  Roach x3  
  128  7:31  Roach x4  
  128  7:34  Overlord  
  128  7:35  Overlord  
  128  7:36  Overlord  
  136  7:37  Roach  
  136  7:39  Ravager x3  
  141  7:46  Roach x4  
  141  7:48  Overseer  
  149  7:51  Overseer  
  149  7:55  Roach x2  
  149  7:57  Queen  
  155  8:01  Roach x3  
  155  8:03  Roach  
  155  8:05  Ravager  
  163  8:21  Roach x10  
  163  8:23  Overlord  
  163  8:27  Overlord  
  182  8:33  Roach x4  
  186  8:44  Roach x5  
  186  8:46  Overlord  
  186  8:48  Ravager  
  193  8:52  Queen  
  191  8:58  Roach x3  
  191  8:59  Roach  
  199  9:02  Roach  
  199  9:03  Roach  
  199  9:10  Overlord  
  199  9:17  Drone  
  199  9:18  Overlord  
  198  9:32  Roach  
  198  9:33  Roach x5  
  198  9:35  Roach x5  
  193  9:39  Roach x3  
  193  9:42  Roach x3  
  193  9:51  Roach x5  
  193  9:52  Roach  
  199  9:57  Roach x3  
  198  10:00  Roach Warren  
  175  10:13  Zergling x20  
  151  10:22  Zergling x4  
  151  10:25  Zergling x6  
  129  10:41  Roach x10  
  149  10:49  Roach x3  
  155  10:51  Ravager  
  155  10:52  Ravager  
  155  10:53  Ravager  
  155  10:54  Ravager x2  
  156  10:58  Roach x4  
  164  11:05  Roach  
  164  11:06  Roach  
Show
View Real Time Build Order
Export as new Build Order

SoulSpirit Zerg 

Build Orders: Hatch First 

Get SALT Encoding   

  12  0:00  Drone  
  13  0:12  Overlord  
  13  0:16  Drone  
  14  0:30  Drone x2  
  16  0:48  Hatchery  
  15  0:52  Drone  
  15  0:55  Drone  
  17  0:58  Drone  
  18  1:08  Extractor  
  17  1:13  Spawning Pool  
  17  1:16  Drone  
  17  1:20  Drone  
  18  1:28  Drone  
  19  1:38  Drone  
  20  1:49  Overlord  
  20  2:00  Queen x2, Zergling x2  
  20  2:01  Zergling x2  
  26  2:09  Metabolic Boost  
  26  2:11  Drone x2  
  28  2:23  Drone  
  28  2:24  Drone  
  30  2:36  Drone x2  
  32  2:40  Hatchery  
  31  2:49  Drone  
  32  2:53  Baneling Nest  
  32  2:58  Drone, Overlord  
  32  3:00  Drone  
  33  3:07  Drone  
  33  3:09  Drone x2  
  36  3:17  Zergling x2  
  36  3:18  Zergling x8  
  41  3:22  Drone  
  41  3:25  Queen  
  44  3:36  Baneling  
  44  3:37  Baneling  
  44  3:40  Overlord  
  44  3:42  Overlord  
  44  3:51  Drone x6  
  50  3:59  Drone x2  
  50  4:00  Drone  
  53  4:03  Drone  
  53  4:04  Drone  
  53  4:05  Evolution Chamber  
  53  4:07  Overlord  
  54  4:13  Drone x2  
  54  4:16  Extractor  
  55  4:17  Extractor  
  55  4:18  Drone x2  
  55  4:19  Zergling x4  
  58  4:30  Drone  
  58  4:31  Drone x2  
  59  4:32  Zerg Missile Weapons Level 1  
  60  4:38  Roach Warren  
  60  4:39  Zergling x8  
  60  4:45  Lair  
  62  4:48  Zergling x2  
  62  4:49  Drone  
  62  4:50  Drone x3  
  62  4:51  Drone  
  67  4:58  Drone x2, Baneling  
  67  4:59  Drone x3  
  66  5:02  Drone  
  67  5:07  Baneling  
  67  5:08  Drone x2  
  67  5:12  Extractor  
  67  5:13  Drone x2  
  70  5:19  Drone  
  62  5:29  Drone x3  
  62  5:32  Drone x2  
  62  5:33  Overlord  
  67  5:36  Roach x3  
  67  5:38  Overlord x2  
  73  5:46  Overlord  
  73  5:48  Glial Reconstitution  
  73  5:52  Roach x5  
  73  5:56  Extractor  
  81  6:02  Drone x9  
  90  6:09  Pneumatized Carapace  
  90  6:10  Roach  
  90  6:11  Roach x3  
  97  6:12  Roach x2  
  100  6:22  Drone x2, Extractor  
  99  6:25  Drone  
  99  6:27  Zerg Missile Weapons Level 2  
  99  6:28  Evolution Chamber  
  99  6:32  Roach x3  
  105  6:37  Drone x2  
  105  6:40  Overlord x2  
  105  6:48  Overlord  
  105  6:55  Overlord x2  
  105  6:57  Overlord x2  
  105  6:58  Queen  
  105  7:00  Roach x6  
  119  7:01  Zerg Ground Armor Level 1  
  119  7:05  Roach  
  121  7:13  Roach x5  
  121  7:15  Roach x2  
  135  7:20  Roach x3  
  141  7:24  Overseer  
  141  7:29  Roach x3  
  149  7:30  Roach  
  149  7:34  Roach x3  
  149  7:36  Overlord  
  155  7:41  Overlord, Ravager x3  
  155  7:42  Ravager  
  159  7:45  Overlord  
  159  7:46  Roach  
  159  7:47  Overlord  
  161  7:57  Roach x2  
  165  8:01  Roach x3  
  171  8:08  Roach x3, Hatchery  
  176  8:13  Roach x3  
  176  8:19  Drone x3  
  180  8:26  Overlord  
  178  8:31  Roach x4  
  184  8:35  Roach x2  
  184  8:39  Ravager x3  
  189  8:41  Overlord  
  189  8:46  Roach x2  
  190  8:53  Roach  
  184  9:03  Roach x3  
  184  9:05  Ravager x3  
  193  9:13  Roach x3  
  193  9:15  Ravager  
  193  9:16  Ravager x2  
  191  9:40  Roach x4  
  193  9:47  Roach x5  
  186  9:53  Roach  
  186  9:54  Roach x4  
  184  10:00  Roach x7  
  189  10:07  Roach x3  
  186  10:15  Roach x2  
  166  10:21  Roach x2  
  166  10:25  Roach  
  121  10:31  Roach x2  
  109  10:37  Drone x7  
  109  10:38  Drone  
  114  10:43  Drone  
  114  10:46  Roach  
  114  10:47  Roach x2  
  120  10:53  Roach x2  
  120  10:54  Roach  
  130  10:58  Roach  
  130  11:00  Extractor  
  133  11:05  Roach  
  133  11:06  Roach  
Tags
 
Add a new tag
Caveats
  • Supply blocks, unpowered buildings, or Contaminate may cause inaccurate times.
  • Supply counts are checked every 10 seconds.